 Dungeon Crawl Stone Soup version 0.29.1-15-g9cfb28693d (webtiles) character file.

Game seed: 15397339148094061868

18 Peloso the Trooper (level 2, 27/27 HPs)
             Began as a Minotaur Fighter on Apr 22, 2023.
             Got out of the dungeon alive.
             The game lasted 00:00:52 (1022 turns).

Peloso the Trooper (Minotaur Fighter)               Turns: 1022, Time: 00:00:52

Health: 27/27      AC:  7    Str: 20    XL:     2   Next: 51%
Magic:  1/1        EV:  9    Int:  5    God:
Gold:   58         SH:  5    Dex:  9    Spells: 1/1 levels left

rFire   . . .      SeeInvis .   a - +0 long sword
rCold   . . .      Faith    .   c - +1 buckler
rNeg    . . .      Spirit   .   b - +0 scale mail
rPois   .          Reflect  .   (helmet unavailable)
rElec   .          Harm     .   (no cloak)
rCorr   .          Rampage  .   (no gloves)
Will    .....                   (no boots)
Stlth   ..........              (no amulet)
HPRegen 0.09/turn               (no ring)
MPRegen 0.07/turn               (no ring)

@: no status effects
A: horns 3, retaliatory headbutt, inhibited regeneration
a: no special abilities


You escaped.
You visited 1 branch of the dungeon, and saw 1 of its levels.

You collected 58 gold pieces.

Inventory:

Hand Weapons
 a - a +0 long sword (weapon)
Armour
 b - a +0 scale mail (worn)
 c - a +1 buckler (worn)
Scrolls
 h - a scroll of enchant armour
Potions
 d - 2 potions of might
 g - a potion of flight {unknown}


   Skills:
 + Level 4.0 Fighting
 + Level 2.6 Long Blades
 + Level 3.9 Armour
 + Level 4.0 Shields


You had one spell level left.
You didn't know any spells.
Your spell library was empty.

Dungeon Overview and Level Annotations

Branches:
Dungeon (1/15)

Altars:


Innate Abilities, Weirdness & Mutations

You have a pair of large horns on your head.
You reflexively headbutt those who attack you in melee.
You do not regenerate when monsters are visible.


Message History

a +0 club; a goblin corpse Done exploring.
Done exploring.
Done exploring.
Done exploring.
As you read the scroll labelled WAMOEF YSMUDUE, it crumbles to dust.
It is a scroll of enchant armour.
Your +0 buckler glows green for a moment.
As you read the scroll labelled ALINI ISANK, it crumbles to dust.
You hear the tinkle of a tiny bell.
It was a scroll of butterflies.
As you read the scroll labelled TUOCZA ONUYR, it crumbles to dust.
The creatures around you are filled with an inner flame!
It was a scroll of immolation.
It was a potion of mutation.
You feel extremely strange.
Your regeneration stops near monsters.
The horns on your head grow some more.
You swap places.
Things that are here:
a +0 club; a goblin corpse You swap places.
You swap places.
You swap places.
You swap places.
Things that are here:
a +0 club; a goblin corpse You swap places.
You swap places.
Things that are here:
a +0 club; a goblin corpse You swap places.
(D) Dungeon
Where to? (? - help)
What level of the Dungeon? (default 1, ? - help)
You swap places.
Your butterfly disappears in a burst of colours!
Your butterfly's inner flame fades away.
Your butterfly disappears in a burst of colours!
There is an open door here.
There is a staircase leading out of the dungeon here.
Are you sure you want to leave the Dungeon?
This will make you lose the game!
You have escaped!

......##...##...##...##...#.#.#
......##..####..##..####..#.#.#
......##..####..##..####..#.#.#
#.+#####...##...##...##...#.#.#
#..# #..................#.#.#
#..# ##................##.#.#
#..# ######..##..#######.#.#
#..# ######..##..#######.#.#
#..# ##.......@........##.#.#
#..# #..................#.#.#
...# #...##...##...##...#.#.#
...# #..####..##..####..#.#.#
#.## #..####..##..####..#.#.#
#.# #...##...##...##...#.#.#
..### #........##........#...#
#...####'......####......'#..##
..#...#.##################...#


There were no monsters in sight!

Vanquished Creatures
  2 dart slugs (D:1)
  A ball python (D:1)
  An endoplasm (D:1)
  3 goblins (D:1)
  2 hobgoblins (D:1)
  A kobold (D:1)
  A bat (D:1)
  A frilled lizard (D:1)
  A rat (D:1)
13 creatures vanquished.

Notes
Turn   | Place    | Note
-------+----------+-------------------------------------------
     0 | D:1      | Peloso the Minotaur Fighter began the quest for the Orb.
     0 | D:1      | Reached XP level 1. HP: 19/19 MP: 0/0
   108 | D:1      | Reached XP level 2. HP: 18/27 MP: 1/1
   788 | D:1      | Found a faded altar of an unknown god.
   969 | D:1      | Gained mutation: You do not regenerate when monsters are
                  | visible. [potion of mutation]
   969 | D:1      | Gained mutation: You have a pair of large horns on your
                  | head. [potion of mutation]
  1022 | D:$      | Got out of the dungeon alive.

Illustrated notes

Levels and vault maps discovered:
D:1:      minmay_arrival_four_loops, layout_basic,
          dreamdust_ecumenical_altar_sealed_demon, minmay_pentomino_v2

Skill      XL: |  1  2 |
---------------+-------+-----
Fighting       | 4 |  4.0
Shields        | 4 |  4.0
Long Blades    | |  2.6
Armour         | |  3.9

Action                   || total
-------------------------++-------
Melee: Long sword        ||    22
       Headbutt          ||     1
  Use: Scroll            ||     3
       Potion            ||     1
Armor: Scale mail        ||     4
Dodge: Dodged            ||    10
Block: Buckler           ||     6
